 Dungeon Crawl Stone Soup version 0.20-a0-201-g851c6fa (webtiles) character file.

46 feito the Sneak (level 3, 0/18 HPs)
             Began as a Vine Stalker Assassin on Nov 24, 2016.
             Succumbed to an adder's poison
             ... on level 2 of the Dungeon.
             The game lasted 00:07:36 (1371 turns).

feito the Sneak (Vine Stalker Assassin)             Turns: 1371, Time: 00:07:36

Health: 0/18       AC:  4    Str: 13    XL:     3   Next: 68%
Magic:  0/4        EV: 11    Int: 11    God:
Gold:   95         SH:  0    Dex: 16    Spells: 2/2 levels left

rFire  . . .     SeeInvis .     a - +2 dagger
rCold  . . .     Gourm    .     c - +0 robe
rNeg   . . .     Faith    .     (no shield)
rPois  .         Spirit   +     (no helmet)
rElec  .         Reflect  .     d - +0 cloak
rCorr  .         Harm     .     v - +0 pair of gloves
MR     .....                    (no boots)
Stlth  +++.......               (no amulet)
                                (no ring)
                                (no ring)

@: lethally poisoned (0 -> -8)
A: fangs 2, magic shield, antimagic bite, no device heal 3, rot immunity
a: no special abilities


You were on level 2 of the Dungeon.
You were not hungry.

You visited 1 branch of the dungeon, and saw 2 of its levels.

You collected 95 gold pieces.

Inventory:

Hand Weapons
 a - a +2 dagger (weapon)
 b - a +0 blowgun
Missiles
 e - 8 poisoned needles
 f - 2 curare-tipped needles
 t - 7 javelins (quivered)
Armour
 c - a +0 robe (worn)
 d - a +0 cloak (worn)
 v - a +0 pair of gloves (worn)
Jewellery
 w - an uncursed ring of flight {unknown}
Scrolls
 i - a scroll of enchant armour {unknown}
 k - 2 scrolls of teleportation {unknown}
 l - a scroll of fog {unknown}
 o - 2 scrolls of enchant weapon {unknown}
 q - a scroll of amnesia {unknown}
 x - a scroll of identify {unknown}
Potions
 m - a potion of magic {unknown}
 n - a potion of heal wounds {unknown}
 s - a potion of flight {unknown}
 u - a potion of might {unknown}
Comestibles
 g - 5 bread rations
 j - a royal jelly
 p - 2 meat rations
 r - 3 chunks of flesh


   Skills:
 + Level 2.0 Fighting
 + Level 2.5 Short Blades
 + Level 2.2 Throwing
 - Level 0.7 Dodging
 * Level 5.4 Stealth


You had 2 spell levels left.
You didn't know any spells.

Dungeon Overview and Level Annotations

Branches:
Dungeon (2/15)

Altars:


Innate Abilities, Weirdness & Mutations

You have extremely sharp teeth.
When hurt, damage is shared between your health and your magic reserves.
Your bite disrupts and absorbs the magic of your enemies.
Potions and wands cannot restore your health.
You are immune to rotting.


Message History

It was a potion of curing.
Your system rejects the healing.
You feel better. The adder bites you.
* * * LOW HITPOINT WARNING * * *
You are too injured to fight recklessly!
You are too injured to fight recklessly!
You closely miss the adder.
The adder is heavily wounded.
The adder barely misses you.
You hit the adder. Your bite misses the adder.
The adder is severely wounded.
The adder barely misses you.
You miss the adder.
The adder is severely wounded.
The adder bites you.
* * * LOW HITPOINT WARNING * * *
You are lethally poisoned!
The adder poisons you!
You hit the adder. You bite the adder, but do no damage.
The adder is almost dead.
You die...

.......#.##.##.#.##..# #.#......
....................... ...>.....
.......#.#######.###.####.#.#..##
.......#.#######.# #.. ........#
..........[....... ...........#.
.......#.#######.# ##.. #.#.###.
.......#.# #.# .. ########.# #.#
#.# #@# .!..... #.# #S# ....g..
########.## #.# .......
..........# ####.####.......
..........###.......#.....:.
..........[.........#.....b.
.....)(...###.......#.......
.....(....# #.............#
....(..)..###.......#.......


You could see an adder.

Vanquished Creatures
  An ooze (D:2)
  A worm (D:2)
  3 dart slugs (D:1)
  2 leopard geckos
  2 giant cockroaches (D:2)
  3 goblins
  A hobgoblin (D:1)
  5 kobolds
  A quokka (D:2)
  3 bats
  5 frilled lizards (D:1)
  6 rats
33 creatures vanquished.

Notes
Turn   | Place    | Note
-------+----------+-------------------------------------------
     0 | D:1      | feito the Vine Stalker Assassin began the quest for the Orb.
     0 | D:1      | Reached XP level 1. HP: 11/11 MP: 2/2
   107 | D:1      | Reached XP level 2. HP: 15/15 MP: 3/3
   145 | D:1      | Reached skill level 5 in Stealth
   918 | D:2      | Reached XP level 3. HP: 13/18 MP: 1/4
  1371 | D:2      | Succumbed to an adder's poison

Vault maps used:
D:1:      elethiomel_arrival_maze, minmay_box_of_dots
D:2:      bh_walls_and_bars

Skill      XL: |  1  2 |
---------------+-------+-----
Short Blades   | 2 |  2.5
Stealth        | 5 |  5.4
Throwing       | 2 |  2.2
Fighting       | 2 |  2.0
Dodging        | |  0.7

Action                   || total
-------------------------++-------
Melee: Dagger            ||    92
       Bite              ||    24
 Fire: Blowgun           ||     3
Throw: Javelin           ||     2
  Use: Potion            ||     1
 Stab: Sleeping          ||     6
       Distracted        ||     1
  Eat: Chunk             ||     1
Armor: Robe              ||    20
Dodge: Dodged            ||    49
